 Dungeon Crawl Stone Soup version 0.29-a0-314-gb00dd7cb4b (webtiles) character file.

Game seed: 11254556844782190552

255986 Dabor the Bludgeoner (level 19, -34/126 HPs)
             Began as a Gargoyle Fighter on Mar 29, 2022.
             Was the Champion of Okawaru.
             Annihilated by an enormous slime creature (62 damage)
             ... on level 1 of the Pits of Slime.
             The game lasted 01:38:03 (39904 turns).

Dabor the Bludgeoner (Gargoyle Fighter)            Turns: 39904, Time: 01:38:03

Health: -34/126    AC: 45    Str: 35    XL:     19   Next: 79%
Magic:  29/29      EV: 16    Int:  9    God:    Okawaru [******]
Gold:   1561       SH:  0    Dex: 13    Spells: 17/22 levels left

rFire   . . .      SeeInvis .   V - +12 dire flail of Annihilation {protect, +Blink rPois Will+}
rCold   + . .      Faith    .   (shield currently unavailable)
rNeg    + . .      Spirit   .   W - +7 Kryia's mail coat {PotionHeal*2 rC+}
rPois   ∞          Reflect  .   P - +2 hat
rElec   +          Harm     .   C - +2 cloak {Will+}
rCorr   +          Rampage  ∞   Q - +2 pair of gloves {Stlth+}
Will    +++..                   B - +3 pair of seven-league boots {Rampage+∞}
Stlth   +++.......              D - amulet "Lofor" {*Slow +Blink rElec Regen+ Str+3}
HPRegen 1.11/turn               o - +6 ring of strength
MPRegen 0.21/turn               X - ring of resist corrosion

@: sluggish, flying, slowed, very slow
A: sickness immunity, AC +14, big wings, negative energy resistance 1,
electricity resistance, torment resistance 1, petrification resistance, horns 1,
thin skeletal structure 1, MP-powered wands, noise suppression
}: 2/15 runes: serpentine, barnacled
a: Renounce Religion, Evoke Blink, Heroism, Finesse, Duel


You were on level 1 of the Pits of Slime.
You worshipped Okawaru.
Okawaru was exalted by your worship.
You visited 6 branches of the dungeon, and saw 32 of its levels.
You also visited: Ossuary, Bailey and Gauntlet.

You collected 2667 gold pieces.
You spent 1067 gold pieces at shops.
You donated 39 gold pieces to Zin.

Inventory:

Hand Weapons
 V - the +12 dire flail of Annihilation (weapon) {protect, +Blink rPois Will+}
   (Okawaru gifted it to you on level 2 of the Snake Pit)

   It grants its wielder temporary protection when it strikes (+7 to AC).
   rPois:     It protects you from poison.
   +Blink:    It lets you blink.
   Will:      It increases your willpower.
Missiles
 g - 4 silver boomerangs
 H - 29 javelins
 J - 6 silver javelins (quivered)
 U - 17 curare-tipped darts
 Y - 13 poisoned darts
Armour
 b - a +2 kite shield of reflection
 B - the +3 pair of seven-league boots (worn) {Rampage+∞}
   (You acquired it on level 7 of the Dungeon)

   Its wearer moves as far as possible in that direction when moving towards
   enemies.
 C - a +2 cloak of willpower (worn)
 P - a +2 hat (worn)
 Q - a +2 pair of gloves of stealth (worn)
 W - the +7 Kryia's mail coat (worn) {PotionHeal*2 rC+}
   (Okawaru gifted it to you on level 13 of the Dungeon)

   Potions are twice as effective at healing its wearer.
   rC:        It protects you from cold.
Jewellery
 h - a ring of positive energy
 i - a ring of protection from fire
 o - a +6 ring of strength (left hand)
 D - the amulet "Lofor" (around neck) {*Slow +Blink rElec Regen+ Str+3}
   (You found it in a Gauntlet)

   [amulet of regeneration]

   Str:       It affects your strength (+3).
   rElec:     It insulates you from electricity.
   +Blink:    It lets you blink.
   Regen:     It increases your rate of health regeneration.
   *Slow:     It may slow you when you take damage.
 E - a ring of wizardry
 F - a ring of protection from cold
 G - a ring of see invisible
 X - a ring of resist corrosion (right hand)
 Z - the amulet of Yniefem {Faith rF+ Dex+3}
   (You found it on level 4 of the Shoals)

   [amulet of faith]

   It allows you to gain divine favour quickly.
   Dex:       It affects your dexterity (+3).
   rF:        It protects you from fire.
Wands
 k - a wand of paralysis (7)
 K - a wand of iceblast (34)
 N - a wand of digging (7)
 O - a wand of acid (26)
Scrolls
 a - 4 scrolls of fog
 c - 6 scrolls of enchant weapon
 d - 6 scrolls of immolation
 e - 5 scrolls of enchant armour
 j - a scroll of silence
 l - a scroll of torment
 p - 8 scrolls of teleportation
 q - 12 scrolls of identify
 r - 5 scrolls of amnesia
 v - 8 scrolls of blinking
 x - 6 scrolls of magic mapping
 y - 5 scrolls of holy word
 A - 2 scrolls of brand weapon
 M - a scroll of summoning
Potions
 f - 8 potions of mutation
 m - 5 potions of haste
 n - 2 potions of heal wounds
 s - 3 potions of berserk rage
 t - a potion of resistance
 w - 3 potions of ambrosia
 z - 9 potions of curing
 L - a potion of invisibility
 R - 4 potions of might
 S - a potion of lignification
Miscellaneous
 u - a piece from Xom's chessboard (15/15)
 I - a condenser vane (inert)
 T - a lightning rod (1/4)


   Skills:
 + Level 16.3 Fighting
 * Level 19.8 Maces & Flails
 + Level 3.4 Throwing
 + Level 15.8 Armour
 + Level 12.1 Dodging
 - Level 5.0 Stealth
 - Level 5.5 Shields
 - Level 2.0 Spellcasting
 - Level 2.0 Transmutations
 - Level 2.0 Air Magic
 - Level 2.0 Earth Magic
 - Level 14.0 Invocations
 + Level 6.3 Evocations


You had 17 spell levels left.
You knew the following spells:

 Your Spells              Type           Power      Damage    Failure   Level
a - Passwall              Tmut/Erth      3%         N/A       32%         2
b - Swiftness             Air            4%         N/A       54%         3

Your spell library contained the following spells:

 Spells                   Type           Power      Damage    Failure   Level
 Sting                    Tmut/Pois      8%         1d3       32%         1
 Pain                     Necr           0%         1d4       45%         1
 Corpse Rot               Necr/Air       4%         N/A       45%         2
 Poisonous Vapours        Pois/Air       4%         N/A       45%         2
 Ensorcelled Hibernation  Hex/Ice        0%         N/A       58%         2
 Stone Arrow              Conj/Erth      4%         3d7       69%         3
 Ignite Poison            Fire/Tmut/Pois 2%         N/A       75%         3
 Mephitic Cloud           Conj/Pois/Air  2%         N/A       75%         3
 Ozocubu's Armour         Ice            0%         N/A       83%         3
 Cause Fear               Hex            0%         N/A       99%         4
 Olgreb's Toxic Radiance  Pois           0%         N/A       99%         4
 Passage of Golubria      Tloc           0%         N/A       99%         4
 Agony                    Necr           0%         N/A       100%        5
 Borgnjor's Vile Clutch   Necr/Erth      1%         N/A       100%        5
 Excruciating Wounds      Necr           0%         N/A       100%        5
 Freezing Cloud           Conj/Ice/Air   1%         6-21      100%        5
 Iskenderun's Battlesphe  Conj           0%         2d6       100%        5
 Metabolic Englaciation   Hex/Ice        0%         N/A       100%        5
 Yara's Violent Unravell  Hex/Tmut       1%         3d3       100%        5
 Iron Shot                Conj/Erth      1%         9d1       100%        6
 Dragon Form              Tmut           2%         N/A       100%        7
 Lehudib's Crystal Spear  Conj/Erth      1%         10d2      100%        8
 Tukima's Dance           Hex            Unusable   N/A       N/A         3
 Animate Armour           Summ/Erth      Unusable   N/A       N/A         4
 Animate Dead             Necr           Unusable   N/A       N/A         4
 Death Channel            Necr           Unusable   N/A       N/A         6
 Simulacrum               Ice/Necr       Unusable   N/A       N/A         6
 Spellforged Servitor     Conj/Summ      Unusable   N/A       N/A         7
 Dragon's Call            Summ           Unusable   N/A       N/A         9

Dungeon Overview and Level Annotations

Branches:
Dungeon (15/15)            Temple (1/1) D:7            Lair (6/6) D:8
 Shoals (4/4) Lair:2        Snake (4/4) Lair:2        Slime (2/5) Lair:6
    Orc (0/2) D:12         Vaults (0/5) D:13         Depths (0/4) D:15
Ossuary (visited)          Bailey (visited)         Gauntlet (visited)

Altars:
Ashenzari
Cheibriados
Dithmenos
Elyvilon
Fedhas
Gozag
Hepliaklqana
Kikubaaqudgha
Makhleb
Nemelex Xobeh
Okawaru
Qazlal
Ru
Sif Muna
Trog
Uskayaw
Vehumet
Wu Jian
Xom
Yredelemnul
Zin
The Shining One
Beogh

Shops:
D:7 ?   D:11 =(   Shoals:1 =   Snake:3 *


Innate Abilities, Weirdness & Mutations

You are immune to sickness and miasma.
Your stone body is resilient. (AC +14)
You are immune to poison.
Your large and strong wings let you fly.
You resist negative energy. (rN+)
You are resistant to electric shocks. (rElec)
You are resistant to unholy torment.
You are immune to petrification.
You have a pair of small horns on your head.
You have a somewhat thin skeletal structure. (Dex +2, Stealth+)
You expend magic power (3 MP) to strengthen your wands.
You passively dampen the noise of your surroundings.


Message History

Two slime creatures merge to form an enormous slime creature.
The slime creature barely misses you.
You feel sluggish.
A large slime creature splits.
An enormous slime creature splits.
Two slime creatures merge to form a large slime creature.
The large slime creature attacks as you move away!
The large slime creature misses you.
Two slime creatures merge to form a very large slime creature.
A very large slime creature splits.
The slime creature attacks as you move away!
The slime creature closely misses you.
The large slime creature attacks as you move away!
The large slime creature hits you but does no damage.
The very large slime creature attacks as you move away!
The very large slime creature closely misses you.
The large slime creature attacks as you move away!
The large slime creature hits you but does no damage.
A large slime creature splits.
The slime creature attacks as you move away!
The slime creature hits you but does no damage.
The slime creature hits you!
Two slime creatures merge to form an enormous slime creature.
The large slime creature closely misses you.
The slime creature hits you but does no damage.
You start to feel a little faster.
The large slime creature hits you!
You feel yourself slow down.
Two slime creatures merge to form a titanic slime creature.
The slime creature completely misses you.
Two slime creatures merge to form an enormous slime creature.
The slime creature misses you.
You are splashed with acid!
The slime creature hits you but does no damage.
The titanic slime creature hits you!!!
* * * LOW HITPOINT WARNING * * *
The enormous slime creature barely misses you.
The slime creature hits you but does no damage.
The enormous slime creature attacks as you move away!
The enormous slime creature hits you!!!
You die...

##...............##
#...............##
##.###...........#
####.#....#...>...# ##
###.#.......#......##
##.##...........#..>..##
#......................##
#.....#JJ..............# .
##.....@J.##............
##########....^.....#...........#
##.#.#..##.........##.........#.#
...................#....##...#...
..............###.###.##......#.#
............### ### ##.........##
#≈.........## ##...........#
..≈.....#.## #............#
.#⌠≈≈...### #............##


You could see a titanic slime creature, an enormous slime creature and a slime
creature.

Vanquished Creatures
  Mara (Shoals:3)
  Vashnia (Snake:4)
  Jorgrun (D:12)
  Mlioglotl (Snake:4)
  Polyphemus (Shoals:4)
  2 acid blobs (Slime:1)
  A kraken (Shoals:1)
  2 sphinxes (Shoals:4)
  A tengu reaver (D:13)
  Donald (Snake:4)
  4 nagarajas (Snake:4)
  An orc warlord (Bailey)
  Aizul (Snake:2)
  A quicksilver ooze (Slime:1)
  A dire elephant (D:15)
  3 minotaurs
  The ghost of atomjack2 the Whirler, a journeyman SpHu of Zin (D:13)
  An ettin (D:13)
  Snorg (D:9)
  A fire dragon (D:13)
  3 merfolk javelineers (Shoals:4)
  3 merfolk impalers
  12 hydras
  The ghost of Emifonlual the Unseen, a journeyman SpEn of Dithmenos (Lair:4)
  15 naga warriors
  A great orb of eyes (Slime:2)
  2 boulder beetles
  2 catoblepae
  4 merfolk avatars
  An ogre mage (D:15)
  A salamander tyrant (Snake:4)
  11 anacondas
  5 centaur warriors
  A deep troll shaman (Lair:6)
  16 satyrs
  14 two-headed ogres
  6 death yaks
  2 tengu warriors (D:13)
  2 death knights
  20 naga sharpshooters
  Urug (D:10)
  6 shock serpents
  The ghost of demivan the Cleaver, a novice MiFi of Ru (D:7)
  Sonja (D:12)
  5 salamander mystics
  A deep troll (D:13)
  12 sea snakes
  A glowing orange brain (Slime:2)
  5 skeletal warriors (D:15)
  9 naga ritualists
  An orc knight (Bailey)
  A phantasmal warrior (D:13)
  27 harpies
  Pikel (D:8)
  11 mana vipers
  A wolf spider (D:15)
  17 manticores
  22 elephants
  5 cyclopes
  3 shining eyes
  2 deep elf pyromancers
  14 salamanders
  18 fauns
  A moth of wrath (D:13)
  31 ugly things
  10 merfolk sirens
  56 black mambas
  16 naga magi
  The ghost of Thjof the Sneak, a novice NaEn of Xom (D:5)
  Maurice (D:10)
  4 cane toads
  A guardian serpent (Snake:3)
  7 water nymphs
  An eye of devastation (Slime:1)
  Maggie (D:8)
  6 komodo dragons
  2 rime drakes (Lair:4)
  Psyche (D:8)
  An unseen horror (D:12)
  2 tengu conjurers
  An efreet (D:15)
  A freezing wraith (D:15)
  6 trolls
  15 merfolk
  9 meliai
  6 wind drakes
  2 polar bears (Lair:6)
  A tyrant leech (shapeshifter) (D:11)
  A hornet (D:8)
  3 blink frogs (Lair:6)
  11 dream sheep
  38 slime creatures
  10 snapping turtles
  A blink frog (shapeshifter) (D:14)
  A spriggan (shapeshifter) (D:13)
  8 shadows
  3 vampires
  A spriggan (D:8)
  8 water elementals
  A wraith (D:11)
  62 yaks
  5 golden eyes (Slime:1)
  9 basilisks
  2 wyverns (Lair:5)
  A basilisk (shapeshifter) (D:14)
  3 vampire mosquitoes
  5 small abominations (Gauntlet)
  A large abomination (Gauntlet)
  54 nagas
  4 acid dragons
  19 water moccasins
  3 ice beasts
  A black bear (Lair:4)
  A sky beast (D:7)
  24 orc warriors
  3 ogres
  8 wolves
  2 phantoms
  6 centaurs
  17 bullfrogs
  2 elf zombies (Ossuary)
  5 kobold brigands
  A necrophage (D:4)
  2 scorpions (D:5)
  5 wights (D:7)
  7 killer bees
  14 howler monkeys
  9 electric eels
  3 hounds
  14 orc priests
  A jelly (D:6)
  3 iguanas
  14 orc wizards
  6 ogre zombies (D:12)
  2 hound zombies (Ossuary)
  4 mummies (Ossuary)
  3 gnolls
  7 adders
  2 ufetubi
  2 adder zombies (Ossuary)
  A dart slug (D:4)
  82 orcs
  7 endoplasms
  4 giant cockroaches
  2 gnoll zombies (Ossuary)
  14 goblins
  11 hobgoblins
  3 jackals (D:4)
  17 kobolds
  8 quokkas
  7 ball pythons
  4 bats
  3 frilled lizards
  A goblin skeleton (D:12)
  2 goblin zombies (D:12)
  A hobgoblin skeleton (D:12)
  4 hobgoblin zombies (D:12)
  A jackal zombie (Ossuary)
  An orc skeleton (D:12)
  13 orc zombies
  7 rats
  3 tentacles (Shoals:1)
1115 creatures vanquished.

Vanquished Creatures (others)
  A water nymph (Shoals:4)
  13 fungi
  35 plants
  2 starspawn tentacles (Snake:4)
  6 tentacles (Shoals:1)
  A withered plant (Gauntlet)
58 creatures vanquished.

Grand Total: 1173 creatures vanquished

Notes
Turn   | Place    | Note
-------+----------+-------------------------------------------
     0 | D:1      | Dabor the Gargoyle Fighter began the quest for the Orb.
     0 | D:1      | Reached XP level 1. HP: 14/14 MP: 1/1
   133 | D:1      | Reached XP level 2. HP: 19/19 MP: 2/2
   725 | D:1      | Reached XP level 3. HP: 23/23 MP: 3/3
  1344 | D:2      | Found a faded altar of an unknown god.
  1405 | D:2      | Prayed at the altar of an unknown god.
  1405 | D:2      | Became a worshipper of Zin the Law-Giver
  1405 | D:2      | Reached * piety under Zin
  1697 | D:2      | Reached ** piety under Zin
  1845 | D:3      | Reached XP level 4. HP: 27/29 MP: 4/4
  1914 | D:3      | Reached skill level 1 in Dodging
  2754 | D:4      | HP: 1/29 [iguana (4)]
  2759 | D:4      | Reached skill level 3 in Maces & Flails
  2759 | D:4      | Reached XP level 5. HP: 27/33 MP: 5/5
  2788 | D:4      | Reached skill level 1 in Invocations
  2923 | D:4      | Reached *** piety under Zin
  3055 | D:4      | Reached XP level 6. HP: 33/39 MP: 6/6
  3261 | D:5      | Entered Level 5 of the Dungeon
  3991 | D:4      | Reached skill level 5 in Fighting
  3991 | D:4      | Reached XP level 7. HP: 20/44 MP: 8/8
  4527 | D:5      | Found a runed translucent gate.
  4527 | D:5      | Found a runed translucent gate.
  4527 | D:5      | Found a runed translucent gate.
  4528 | D:5      | Noticed Thjof's ghost (novice NaEn)
  4581 | D:5      | Reached skill level 4 in Maces & Flails
  4942 | D:5      | Killed Thjof's ghost
  4943 | D:5      | Reached skill level 5 in Shields
  4943 | D:5      | Reached XP level 8. HP: 42/51 MP: 8/10
  5174 | D:6      | Reached skill level 5 in Armour
  5423 | D:6      | Reached skill level 5 in Maces & Flails
  5453 | D:6      | Identified the +8 dire flail of a Gauntlet {vorpal, rC+}
  6713 | D:6      | Identified the +2 scale mail "Kigrirgh" {rPois Stlth+}
  6887 | D:6      | Reached XP level 9. HP: 19/56 MP: 11/11
  7584 | D:7      | Reached skill level 6 in Maces & Flails
  7592 | D:7      | Found a flagged portal.
  7619 | D:7      | Found a sand-covered staircase.
  7628 | Ossuary  | Entered an ossuary
  7648 | Ossuary  | Reached **** piety under Zin
  7833 | Bailey   | Entered a bailey
  7989 | Bailey   | Reached skill level 7 in Maces & Flails
  8257 | Bailey   | Noticed an orc knight
  8265 | Bailey   | Killed an orc knight
  8266 | Bailey   | Reached skill level 8 in Maces & Flails
  8266 | Bailey   | Reached XP level 10. HP: 51/64 MP: 11/13
  8753 | Bailey   | Noticed an orc warlord
  8778 | Bailey   | Killed an orc warlord
  9048 | Bailey   | Reached skill level 9 in Maces & Flails
  9048 | Bailey   | Reached skill level 5 in Dodging
  9273 | D:7      | Found a staircase to the Ecumenical Temple.
  9322 | Temple   | Entered the Ecumenical Temple
  9771 | Temple   | Fell from the grace of Zin
  9771 | Temple   | Became a worshipper of Warmaster Okawaru
  9875 | D:7      | Gained mutation: You are dopey. (Int -2) [potion of
                  | mutation]
  9875 | D:7      | Gained mutation: You passively dampen the noise of your
                  | surroundings. [potion of mutation]
  9875 | D:7      | Gained mutation: You are very dopey. (Int -4) [potion of
                  | mutation]
  9875 | D:7      | Gained mutation: You are covered in fur. (AC +1) [potion of
                  | mutation]
  9876 | D:7      | Lost mutation: You are covered in fur. (AC +1) [potion of
                  | mutation]
  9876 | D:7      | Lost mutation: You are very dopey. (Int -4) [potion of
                  | mutation]
  9876 | D:7      | Gained mutation: You expend magic power (3 MP) to
                  | strengthen your wands. [potion of mutation]
  9876 | D:7      | Gained mutation: Your spells are a little harder to cast,
                  | but a little more powerful. [potion of mutation]
  9877 | D:7      | Lost mutation: You are dopey. (Int -2) [potion of mutation]
  9877 | D:7      | Lost mutation: Your spells are a little harder to cast, but
                  | a little more powerful. [potion of mutation]
  9877 | D:7      | Lost mutation: You passively dampen the noise of your
                  | surroundings. [potion of mutation]
  9877 | D:7      | Gained mutation: You have hidden genetic potential. [potion
                  | of mutation]
  9877 | D:7      | Gained mutation: You passively dampen the noise of your
                  | surroundings. [potion of mutation]
 10030 | D:7      | Found an ornate altar of the Wu Jian Council.
 10030 | D:7      | Found a white marble altar of Elyvilon.
 10067 | D:7      | Found Hiczirch's Magic Scroll Emporium.
 10099 | D:7      | Found a runed translucent gate.
 10100 | D:7      | Noticed demivan's ghost (novice MiFi)
 10100 | D:7      | Found a runed translucent gate.
 10101 | D:7      | Found a runed translucent gate.
 10156 | D:7      | Found a sparkling altar of Nemelex Xobeh.
 10376 | D:8      | Noticed Maggie
 10386 | D:8      | Killed Maggie
 10433 | D:8      | Noticed Pikel
 10434 | D:8      | Found a snail-covered altar of Cheibriados.
 10453 | D:8      | Killed Pikel
 10454 | D:8      | Reached XP level 11. HP: 67/71 MP: 14/14
 10545 | D:8      | Noticed Psyche
 10550 | D:8      | Killed Psyche
 10550 | D:8      | Reached * piety under Okawaru
 10722 | D:8      | Found a staircase to the Lair.
 11242 | D:8      | Reached skill level 5 in Invocations
 11249 | D:8      | Reached skill level 10 in Maces & Flails
 11388 | D:8      | Noticed a two-headed ogre
 11388 | D:8      | Noticed a two-headed ogre
 11399 | D:8      | Killed a two-headed ogre
 11402 | D:8      | Killed a two-headed ogre
 11402 | D:8      | Reached ** piety under Okawaru
 11406 | D:8      | Found the +12 pair of quick blades "Gyre" and "Gimble"
                  | {protect}
 11425 | D:8      | Gained mutation: You have a somewhat thin skeletal
                  | structure. (Dex +2, Stealth+) [hidden potential]
 11775 | D:8      | Noticed a deep elf pyromancer
 11785 | D:8      | Killed a deep elf pyromancer
 11905 | D:7      | Killed demivan's ghost
 12631 | D:9      | Reached skill level 10 in Fighting
 12637 | D:9      | Reached *** piety under Okawaru
 12638 | D:9      | Reached skill level 11 in Maces & Flails
 12927 | D:9      | Reached XP level 12. HP: 77/77 MP: 16/16
 13374 | D:10     | Entered Level 10 of the Dungeon
 13374 | D:10     | Noticed Urug
 13374 | D:10     | Found an ancient bone altar of Kikubaaqudgha.
 13374 | D:10     | Found an opulent altar of Gozag.
 13392 | D:9      | Reached skill level 1 in Throwing
 13448 | D:7      | Bought a scroll of acquirement for 572 gold pieces
 13448 | D:7      | Acquired the +3 pair of seven-league boots {Rampage+∞}
 13448 | D:7      | Found the +3 pair of seven-league boots {Rampage+∞}
 13455 | D:7      | Bought a scroll of teleportation for 33 gold pieces
 13455 | D:7      | Bought a scroll of identify for 22 gold pieces
 13455 | D:7      | Bought a scroll of identify for 22 gold pieces
 13455 | D:7      | Bought a scroll of identify for 22 gold pieces
 13511 | D:10     | Noticed Snorg
 13527 | D:9      | Killed Snorg
 14137 | Lair:1   | Entered Level 1 of the Lair of Beasts
 14557 | Lair:1   | Reached **** piety under Okawaru
 14577 | Lair:1   | Gained mutation: You have a pair of small horns on your
                  | head. [hidden potential]
 14577 | Lair:1   | Lost mutation: You have hidden genetic potential. [hidden
                  | potential expressed]
 14580 | Lair:1   | Reached skill level 1 in Evocations
 15642 | Lair:2   | Noticed an eight-headed hydra
 15651 | Lair:2   | Killed an eight-headed hydra
 15651 | Lair:2   | Received a gift from Okawaru
 15868 | Lair:2   | Found a staircase to the Snake Pit.
 16286 | Lair:2   | Reached skill level 12 in Maces & Flails
 16531 | Lair:2   | Found a staircase to the Shoals.
 16668 | Lair:2   | Identified the +3 dagger of the Three Ziggurats {elec,
                  | rCorr Str+3 Stlth+}
 16836 | Lair:3   | Reached ***** piety under Okawaru
 16854 | Lair:3   | Received a gift from Okawaru
 16858 | Lair:3   | Reached XP level 13. HP: 75/84 MP: 18/18
 16865 | Lair:3   | Reached skill level 10 in Armour
 16897 | Lair:3   | Found a gate leading to a gauntlet.
 16906 | Gauntlet | Entered a Gauntlet
 16906 | Gauntlet | Found a transporter.
 16934 | Gauntlet | Found a transporter.
 16935 | Gauntlet | Found a transporter.
 16959 | Gauntlet | Found a transporter.
 16974 | Gauntlet | Found a transporter.
 16976 | Gauntlet | Found a transporter.
 16992 | Gauntlet | Found a transporter.
 17003 | Gauntlet | Found a transporter.
 17010 | Gauntlet | Noticed a reaper
 17013 | Gauntlet | Found a transporter.
 17033 | Gauntlet | Found a transporter.
 17273 | Gauntlet | Found a transporter.
 17274 | Gauntlet | Received a gift from Okawaru
 17317 | Gauntlet | Identified the amulet "Lofor" {*Slow +Blink rElec Regen+
                  | Str+3}
 17333 | Gauntlet | Noticed a minotaur
 17354 | Gauntlet | Killed a minotaur
 17532 | Lair:3   | Received a gift from Okawaru
 17701 | Lair:3   | Learned a level 2 spell: Passwall
 17705 | Lair:3   | Learned a level 3 spell: Swiftness
 18559 | Lair:4   | Found a runed translucent gate.
 18562 | Lair:4   | Found a runed translucent gate.
 18563 | Lair:4   | Found a runed translucent gate.
 18563 | Lair:4   | Noticed Emifonlual's ghost (journeyman SpEn)
 18587 | Lair:4   | Reached skill level 1 in Spellcasting
 18587 | Lair:4   | Reached skill level 1 in Earth Magic
 18608 | Lair:4   | Killed Emifonlual's ghost
 18615 | Lair:4   | Identified the +3 scimitar "Nyokerev" {vamp, Str+2}
 18694 | Lair:4   | Reached skill level 1 in Transmutations
 18694 | Lair:4   | Reached skill level 1 in Air Magic
 20077 | Lair:5   | Reached skill level 13 in Maces & Flails
 20143 | Lair:5   | Gained mutation: Your large and strong wings let you fly.
                  | [Gargoyle growth]
 20143 | Lair:5   | Reached XP level 14. HP: 78/90 MP: 20/20
 20146 | Lair:5   | Identified the +0 hat "Wunaal" {-Tele rF+ Slay+3} (Okawaru
                  | gifted it to you on level 5 of the Lair of Beasts)
 20146 | Lair:5   | Received a gift from Okawaru
 20409 | Lair:6   | Entered Level 6 of the Lair of Beasts
 20815 | Lair:6   | Reached skill level 5 in Evocations
 20825 | Lair:6   | Reached ****** piety under Okawaru
 20964 | Lair:6   | Found a staircase to the Slime Pits.
 21763 | Snake:1  | Entered Level 1 of the Snake Pit
 21774 | Snake:1  | Found a sacrificial altar of Ru.
 22198 | Snake:1  | Reached skill level 14 in Maces & Flails
 22365 | Snake:1  | Identified the -4 pair of boots of the Solstice {Regen+}
                  | (Okawaru gifted it to you on level 1 of the Snake Pit)
 22365 | Snake:1  | Received a gift from Okawaru
 22794 | Snake:1  | Reached XP level 15. HP: 91/97 MP: 22/22
 22906 | Snake:1  | Found a runed translucent gate.
 22906 | Snake:1  | Found a runed translucent gate.
 22907 | Snake:1  | Found a runed translucent gate.
 23160 | Snake:1  | Reached skill level 10 in Invocations
 23420 | Snake:1  | Reached skill level 1 in Stealth
 24321 | Snake:2  | Reached skill level 15 in Maces & Flails
 24348 | Snake:2  | Noticed Aizul
 24369 | Snake:2  | Killed Aizul
 24383 | Snake:2  | Identified the +12 dire flail of Annihilation {protect,
                  | +Blink rPois Will+} (Okawaru gifted it to you on level 2 of
                  | the Snake Pit)
 24383 | Snake:2  | Received a gift from Okawaru
 24875 | Snake:2  | Received a gift from Okawaru
 24897 | Snake:2  | Found a burning altar of Makhleb.
 25329 | D:10     | Killed Urug
 25548 | D:10     | Found a hazy altar of Hepliaklqana.
 26055 | D:10     | You are sucked into a shaft and drop 1 floor!
 26055 | D:11     | Found Qoat's Jewellery Shop.
 26148 | D:10     | Noticed Maurice
 26160 | D:10     | Killed Maurice
 26160 | D:10     | Received a gift from Okawaru
 26342 | D:11     | Found Vuch's Hydra Hut.
 26736 | D:11     | Reached XP level 16. HP: 104/104 MP: 24/24
 27301 | D:11     | Identified the +5 rapier "Jeorphahi" {pain, Contam Dex+4}
 27804 | D:12     | Noticed Sonja
 27810 | D:12     | Killed Sonja
 27970 | D:12     | Noticed Jorgrun
 27980 | D:12     | Killed Jorgrun
 28148 | D:12     | Reached skill level 16 in Maces & Flails
 28167 | D:12     | Found a staircase to the Orcish Mines.
 28763 | D:13     | Found a transporter.
 29047 | D:13     | Noticed a tengu reaver
 29053 | D:13     | Killed a tengu reaver
 29202 | D:13     | Found a transporter.
 29206 | D:13     | Noticed atomjack2's ghost (journeyman SpHu)
 29211 | D:13     | Found a bloodstained altar of Trog.
 29317 | D:13     | Received a gift from Okawaru
 29317 | D:13     | Found the +7 Kryia's mail coat {PotionHeal*2 rC+}
 29343 | D:13     | Found a gate to the Vaults.
 29506 | D:13     | Killed atomjack2's ghost
 30061 | D:14     | Reached skill level 10 in Dodging
 30487 | D:15     | Entered Level 15 of the Dungeon
 30923 | D:15     | Found a staircase to the Depths.
 30977 | D:15     | Reached XP level 17. HP: 69/111 MP: 26/26
 31122 | D:15     | Received a gift from Okawaru
 31258 | D:15     | Reached skill level 17 in Maces & Flails
 31375 | D:15     | Found a shimmering blue altar of Sif Muna.
 32171 | Snake:3  | Found Qutenimn's General Store.
 32214 | Snake:3  | Bought a wand of iceblast (8) for 156 gold pieces
 32840 | Snake:4  | Entered Level 4 of the Snake Pit
 32907 | Snake:4  | Received a gift from Okawaru
 32918 | Snake:4  | Noticed Mlioglotl
 32921 | Snake:4  | Noticed a tentacled starspawn
 32924 | Snake:4  | Noticed a bone dragon
 32926 | Snake:4  | Killed Mlioglotl
 33353 | Snake:4  | Noticed Donald
 33372 | Snake:4  | Killed Donald
 33767 | Snake:4  | Reached skill level 15 in Fighting
 33767 | Snake:4  | Reached XP level 18. HP: 95/119 MP: 27/27
 33787 | Snake:4  | Reached skill level 18 in Maces & Flails
 33833 | Snake:4  | Noticed Vashnia
 33956 | Snake:4  | Received a gift from Okawaru
 34057 | Snake:4  | Killed Vashnia
 34080 | Snake:4  | Got a serpentine rune of Zot
 34682 | Shoals:1 | Entered Level 1 of the Shoals
 34761 | Shoals:1 | Found Caysuz's Jewellery Emporium.
 34786 | Shoals:1 | Identified the +2 robe of Rotation {rC- Regen+ Archmagi}
                  | (Okawaru gifted it to you on level 1 of the Shoals)
 34786 | Shoals:1 | Received a gift from Okawaru
 35570 | Shoals:1 | Identified the +1 robe of Irph {Stlth+}
 36239 | Shoals:2 | Reached skill level 15 in Armour
 36639 | Shoals:3 | Noticed Mara
 36642 | Shoals:3 | Noticed Dabor's illusion
 36653 | Shoals:3 | Killed Mara
 37280 | Shoals:4 | Entered Level 4 of the Shoals
 37306 | Shoals:4 | Reached skill level 19 in Maces & Flails
 37357 | Shoals:4 | Reached XP level 19. HP: 108/125 MP: 29/29
 37389 | Shoals:4 | Received a gift from Okawaru
 37647 | Shoals:4 | Noticed Polyphemus
 37664 | Shoals:4 | Reached skill level 5 in Stealth
 37668 | Shoals:4 | Received a gift from Okawaru
 37668 | Shoals:4 | Found the +8 Vampire's Tooth {vamp}
 37679 | Shoals:4 | Killed Polyphemus
 38097 | Shoals:4 | Identified the amulet of Yniefem {Faith rF+ Dex+3}
 38148 | Shoals:4 | Identified the +4 great sword of Xosudoi {spect, rCorr}
 38150 | Shoals:4 | Got a barnacled rune of Zot
 38513 | Shoals:1 | Bought a ring of resist corrosion for 240 gold pieces
 38653 | Slime:1  | Entered Level 1 of the Pits of Slime
 38659 | Slime:1  | Received a gift from Okawaru
 39904 | Slime:1  | Annihilated by an enormous slime creature

Illustrated notes

Levels and vault maps discovered:
D:1:      nicolae_arrival_washed_ashore, layout_rooms
D:2:      layout_basic, shapermc_ecumenical_altar_mp_urbaneastern,
          serial_bayou_ford_a
D:3:      cheibrodos_old_hovel, layout_loops_ring
D:4:      layout_cave_pools, serial_column_ruins, column_ruins_open_small,
          column_ruins_open_small, column_ruins_corridor_straight,
          column_ruins_corridor_plus
D:5:      layout_rooms, ebering_ghost_rock_garden, st_stairs_3
D:6:      layout_basic, kennysheep_big_empty_room, minmay_bent
D:7:      layout_basic, nemelex_xobeh_ov_fountains_minmay, minitemple,
          minmay_temple_entry_trees, biasface_ghost_orc_armoury,
          nicolae_ossuary_entry_ruins, serial_shops, nicolae_shop_hallway_plus,
          enter_bailey_2
D:8:      layout_basic, cheibriados_altar_1, dpeg_oklobed_lair,
          hellmonk_guarded_unrand_gyre_and_gimble, uniq_maggie, uniq_psyche,
          uniq_pikel
D:9:      layout_roguey [special_room_orc], serial_bayou_lake_a
D:10:     layout_layer_cave, nicolae_overflow_crystal_walls,
          grunt_temple_overflow_open, minmay_statues_item, kennysheep_nub,
          uniq_maurice, uniq_snorg, uniq_urug
D:11:     nzn_winding_woodlands_stair_trap [nzn_winding_woodlands_5x15_pool,
          nzn_winding_woodlands_5x15_eye,
          nzn_winding_woodlands_5x15_pathside_ponds,
          nzn_winding_woodlands_15x15_eel_pit,
          nzn_winding_woodlands_5x15_longhouse,
          nzn_winding_woodlands_5x15_zeroes, nzn_winding_woodlands_5x15_garden],
          layout_basic, nrook_mini_vaults, nicolae_stop_n_shop_1,
          doesnt_shop_hydraphobe
D:12:     layout_irregular_city, zombieorc1_lemuel, nzn_sisyphean_effort,
          uniq_sonja, uniq_jorgrun
D:13:     minmay_mutant_horseshoe, layout_cave_pools, david_vaults_4,
          gammafunk_ghost_wrathful_warriors
D:14:     layout_rooms, minmay_misc_feat_ornament, chequers_decorated_corner
D:15:     hangedman_depths_entry_try_elsewhere_first, layout_cross,
          led_sif_pool, minmay_misc_feat_iff
Temple:   regret_index_temple_generic_petals
Lair:1:   layout_regular_city
Lair:2:   layout_roguey, minmay_shoals_entry_hut, guppyfry_snake_entry_island
Lair:3:   layout_cave_pods, gauntlet_entry_generic, dreamdust_mushroom_princess,
          chequers_serial_rivers_room_a, grunt_megastairs_5, lemuel_fruit_tree
Lair:4:   layout_gridlike, gammafunk_ghost_hydra_chop, lemuel_another_geyser,
          serial_bayou_shore_a, infiniplex_staircase_pool_2, grunt_megastairs_3
Lair:5:   layout_layer_cave, kennysheep_basilisk_garden, grunt_megastairs_4
Lair:6:   grunt_lair_end_beastmaster, layout_concentric_octagons,
          dpeg_slime_entry_corner, nicolae_quartered_pool_little,
          grunt_forest_small_clearing_treed
Shoals:1: layout_shoals, serial_shops, shop_statue
Shoals:2: layout_shoals, nicolae_shoals_nautilus_by_nature
Shoals:3: layout_shoals, uniq_mara
Shoals:4: shoals_end_hellmonk_lost_city, uniq_polyphemus
Snake:1:  layout_honeycomb, basic_altar, nicolae_snake_gridmaze_big_u,
          nicolae_snake_horde_hoard, serial_bayou_shore_b
Snake:2:  layout_misc_corridors, basic_altar, uniq_aizul
Snake:3:  layout_rooms, serial_shops, shop
Snake:4:  snake_pit, layout_cave_town, nicolae_snake_gridmaze_squiggle,
          uniq_mlioglotl, uniq_donald, uniq_vashnia
Slime:1:  cheibrodos_slime_lost_civilization_1, layout_caves
Slime:2:  layout_caves

Skill      XL: |  1  2  3  4  5  6  7  8  9 10 11 12 13 14 15 16 17 18 19 |
---------------+----------------------------------------------------------+-----
Fighting       | 4 5 6 8 9 10 11 12 13 14 15 16 | 16.3
Dodging        | 1 2 3 4 5 6 7 8 9 10 11 12 | 12.1
Maces & Flails | 3 4 5 8 9 11 12 13 14 15 16 17 19 | 19.8
Armour         | 4 5 7 8 9 10 11 12 13 14 15 | 15.8
Shields        | 4 5 |  5.5
Invocations    | 1 2 3 4 6 7 8 9 11 12 13 14 | 14.0
Throwing       | 3 |  3.4
Evocations     | 2 4 5 6 |  6.3
Spellcasting   | 2 |  2.0
Earth Magic    | 2 |  2.0
Transmutations | 1 2 |  2.0
Air Magic      | 2 |  2.0
Stealth        | 2 4 5 |  5.0

Action                   |  1- 3 |  4- 6 |  7- 9 | 10-12 | 13-15 | 16-18 | 19-21 || total
-------------------------+-------+-------+-------+-------+-------+-------+-------++-------
Melee: Flail             |    47 |       |       |       |       |       |       ||    47
       Mace              |    80 |   149 |   251 |       |       |       |       ||   480
       Dire flail        |       |       |    98 |   566 |  1064 |  1401 |   375 ||  3504
       Headbutt          |       |       |       |    21 |   225 |   332 |   104 ||   682
 Fire: Hand crossbow     |       |       |     3 |       |       |       |       ||     3
Throw: Dart              |       |     5 |     5 |    37 |       |       |       ||    47
       Boomerang         |       |       |       |     2 |    15 |       |    15 ||    32
       Javelin           |       |       |       |       |     2 |     4 |    15 ||    21
 Cast: Swiftness         |       |       |       |       |       |       |     2 ||     2
Invok: Recite            |       |     1 |    10 |     3 |       |       |       ||    14
       Vitalisation      |       |       |     3 |     1 |       |       |       ||     4
       Heroism           |       |       |       |     6 |     6 |     5 |       ||    17
       Finesse           |       |       |       |       |     5 |     4 |       ||     9
Evoke: Condenser vane    |       |       |       |       |     2 |     6 |     2 ||    10
       Wand              |       |       |       |       |       |    15 |       ||    15
       Piece from Xom's  |       |       |       |       |       |     7 |     2 ||     9
       Lightning rod     |       |       |       |       |       |       |     6 ||     6
  Use: Potion            |       |     8 |     5 |     8 |     3 |     7 |     2 ||    33
       Scroll            |       |     6 |     4 |     8 |     4 |     4 |     1 ||    27
 Stab: Confused          |       |       |       |     2 |       |       |       ||     2
       Sleeping          |       |       |       |     1 |     3 |     6 |     3 ||    13
       Petrifying        |       |       |       |       |     1 |       |       ||     1
       Invisible         |       |       |       |       |       |     7 |       ||     7
       Distracted        |       |       |       |       |       |     1 |       ||     1
       Paralysed         |       |       |       |       |       |     1 |       ||     1
Armor: Scale mail        |    79 |   122 |   221 |   266 |   509 |   658 |   219 ||  2074
       Skin              |       |     1 |       |       |       |       |       ||     1
       Ice dragon scales |       |       |       |       |       |    26 |       ||    26
Dodge: Dodged            |    57 |    85 |   162 |   237 |   420 |   726 |   215 ||  1902
Block: Buckler           |    38 |    36 |    67 |       |       |       |       ||   141

Table legend: (Time is in decaauts)
 A = Elapsed time spent in this place.
 B = Non-inter-level travel time spent in this place.
 C = Inter-level travel time spent in this place.
 D = Time resting spent in this place.
 E = Time spent auto-exploring this place.
 F = Levels seen in this place.
 G = Mean time per level.
                   A        B        C        D        E       F      G
               +--------+--------+--------+--------+--------+-----+--------+
         Total |  38790 |  36372 |   2418 |   8118 |  19870 |  35 | 1108.3 |
       Dungeon |  18729 |  17567 |   1162 |   4602 |   9202 |  15 | 1248.6 |
        Temple |    480 |    449 |     31 |      0 |    425 |   1 |  480.0 |
          Lair |   7184 |   6665 |    519 |    863 |   4778 |   6 | 1197.3 |
        Shoals |   3615 |   3358 |    257 |     41 |   2422 |   4 |  903.8 |
     Snake Pit |   5502 |   5138 |    364 |   1224 |   2469 |   4 | 1375.5 |
    Slime Pits |   1225 |   1142 |     83 |    424 |    362 |   2 |  612.5 |
       Ossuary |    192 |    192 |      0 |      0 |      0 |   1 |  192.0 |
        Bailey |   1347 |   1347 |      0 |    830 |    155 |   1 | 1347.0 |
      Gauntlet |    513 |    513 |      0 |    134 |     56 |   1 |  513.0 |
               +--------+--------+--------+--------+--------+-----+--------+

Top non-repeatable levels by time:
 Snake:1: 2138 daAuts
     D:5: 1693 daAuts
     D:9: 1685 daAuts
     D:4: 1670 daAuts
 Snake:4: 1585 daAuts
     D:8: 1562 daAuts
     D:6: 1536 daAuts
    D:11: 1422 daAuts
  Lair:2: 1416 daAuts
  Bailey: 1347 daAuts
  Lair:1: 1322 daAuts
  Lair:6: 1289 daAuts
     D:7: 1263 daAuts
    D:15: 1210 daAuts
  Lair:3: 1174 daAuts
